 Dungeon Crawl Stone Soup version 0.31-a0-1376-g36f0627844 (webtiles) character file.

Game seed: 5342826929755423455

270 Colgate the Twirler (level 6, -5/44 HPs)
             Began as a Demonspawn Gladiator on Dec 24, 2023.
             Was an Initiate of Makhleb.
             Slain by a gnoll sergeant
             ... wielding a +0 spear
              (9 damage)
             ... on level 5 of the Dungeon.
             The game lasted 00:11:09 (3014 turns).

Colgate the Twirler (Demonspawn Gladiator)          Turns: 3014, Time: 00:11:10

Health: -5/44      AC:  6    Str: 22    XL:     6   Next: 1%
Magic:  6/6        EV: 10    Int:  9    God:    Makhleb [......]
Gold:   184        SH:  4    Dex: 14    Spells: 5/5 levels left

rFire   . . .        a - +0 quarterstaff
rCold   . . .        (shield currently unavailable)
rNeg    . . .        n - +0 scale mail
rPois   .            (helmet restricted)
rElec   .            (no cloak)
rCorr   +            (no gloves)
SInv    .            (no boots)
Will    .....        (no amulet) Stlth
                     k - +6 ring of strength
HPRegen 0.27/turn    w - ring of resist corrosion
MPRegen 0.10/turn

%: no passive effects
@: no status effects
A: horns 1, large bone plates 1
a: Renounce Religion


You were on level 5 of the Dungeon.
You worshipped Makhleb.
Makhleb was noncommittal.
You visited 2 branches of the dungeon, and saw 6 of its levels.

You collected 184 gold pieces.

Inventory:

Hand Weapons
 a - a +0 quarterstaff (weapon)
 b - a +1 dagger of electrocution
Missiles
 d - 3 throwing nets (quivered) {!f}
 e - a javelin
 p - 9 poisoned darts
Armour
 n - a +0 scale mail (worn)
Jewellery
 k - a +6 ring of strength (left hand)
 w - a ring of resist corrosion (right hand)
Scrolls
 f - 9 scrolls of identify {unknown}
 h - a scroll of immolation {unknown}
 j - a scroll of teleportation {unknown}
 m - a scroll of acquirement {unknown}
 o - 2 scrolls of amnesia {unknown}
 q - a scroll of enchant armour {unknown}
 r - a scroll of fear {unknown}
 s - a scroll of fog {unknown}
 x - 2 scrolls of noise {unknown}
 y - a scroll of blinking {unknown}
Potions
 c - 3 potions of attraction {unknown}
 g - 2 potions of brilliance {unknown}
 i - a potion of resistance {unknown}
 l - 3 potions of curing {unknown}
 t - 3 potions of heal wounds {unknown}
 u - a potion of might {unknown}
 v - a potion of invisibility {unknown}


   Skills:
 - Level 2.0 Fighting
 - Level 6.1 Staves
 - Level 1.7 Throwing
 - Level 2.6 Dodging
 + Level 0.4 Stealth


You had 5 spell levels left.
You didn't know any spells.
Your spell library contained the following spells:

 Spells                   Type           Power      Damage    Failure   Level
 Animate Dead             Necr           0%         N/A       100%        4
 Haunt                    Necr/Summ      0%         N/A       100%        7
 Infestation              Necr           0%         N/A       100%        8


Dungeon Overview and Level Annotations

Branches:
Dungeon (5/15)             Temple (1/1) D:4

Altars:
Cheibriados
Dithmenos
Kikubaaqudgha
Makhleb
Nemelex Xobeh
Okawaru
Ru
Trog
Xom
Yredelemnul


Innate Abilities, Weirdness & Mutations

You have a pair of small horns on your head.
You are partially covered in large bone plates. (SH +4)


Message History

2 gnolls come into view.
A gnoll is wielding a +0 club and quivering 2 throwing nets.
The gnoll shouts! x2
The gnoll hits you but does no damage.
You hit the gnoll.
An iguana comes into view.
The gnoll hits you with a +0 spear.
You hit the gnoll.
The gnoll sergeant hits you from afar with a +0 spear.
The gnoll closely misses you.
You hit the gnoll. You headbutt the gnoll.
The gnoll sergeant hits you from afar with a +0 spear.
The gnoll hits you from afar with a +0 spear.
The gnoll closely misses you.
You hit the gnoll.
You kill the gnoll!
Makhleb accepts your kill. You block the gnoll sergeant's attack.
The gnoll closely misses you.
You have reached level 6!
The gnoll hits you but does no damage.
The gnoll sergeant hits you from afar with a +0 spear.
The gnoll throws a throwing net.
The throwing net hits you.
You become entangled in the net!
There is a stone staircase leading up here.
You see here a throwing net {!f}.
You struggle against the net.
The gnoll hits you with a +0 whip.
The gnoll sergeant hits you from afar with a +0 spear.
You struggle against the net.
The gnoll closely misses you.
The gnoll hits you from afar with a +0 spear.
The gnoll sergeant hits you from afar with a +0 spear!
* * * LOW HITPOINT WARNING * * *
You struggle against the net.
The gnoll hits you with a +0 whip.
* * * LOW HITPOINT WARNING * * *
The gnoll hits you from afar with a +0 spear.
* * * LOW HITPOINT WARNING * * *
The gnoll sergeant hits you from afar with a +0 spear.
* * * LOW HITPOINT WARNING * * *
You rip the net and break free!
The gnoll barely misses you. x2
The gnoll sergeant hits you from afar with a +0 spear!
You die...

...... .#
................ .♣ .
............#.## #.. ..
............#..#...♣
...........$#.....#.#.♣
...l#..................
.......l......#........
......##g.#†###<.#.##..
.....gg.@..............
...#..g##.#..##.##.##.#
....^$..........# #
##...######+#..## .....
...# ?... ....# ...
.....# ... .......


You could see a gnoll sergeant, an iguana and 3 gnolls.

Vanquished Creatures
  A howler monkey (D:4)
  A jelly (D:5)
  2 hounds
  3 adders
  A gnoll (D:5)
  2 worms
  2 dart slugs
  5 orcs
  10 bats
  4 endoplasms
  3 giant cockroaches
  10 goblins
  10 hobgoblins
  2 quokkas (D:2)
  9 ball pythons
  11 frilled lizards
  10 kobolds
  3 rats
89 creatures vanquished.

Notes
Turn   | Place    | Note
-------+----------+-------------------------------------------
     0 | D:1      | Colgate the Demonspawn Gladiator began the quest for the
                  | Orb.
     0 | D:1      | Reached XP level 1. HP: 16/16 MP: 1/1
   106 | D:1      | Reached skill level 3 in Staves
   188 | D:1      | Gained mutation: You have a pair of small horns on your
                  | head. [demonic ancestry]
   188 | D:1      | Reached XP level 2. HP: 18/22 MP: 2/2
   374 | D:1      | You fall into a shaft and drop 1 floor!
   468 | D:1      | Reached XP level 3. HP: 23/27 MP: 3/3
   884 | D:2      | Reached skill level 4 in Staves
  1348 | D:2      | Reached XP level 4. HP: 33/33 MP: 4/4
  1718 | D:3      | Found a sacrificial altar of Ru.
  2047 | D:3      | Found a sparkling altar of Nemelex Xobeh.
  2262 | D:4      | Reached skill level 5 in Staves
  2366 | D:4      | Found a staircase to the Ecumenical Temple.
  2374 | Temple   | Entered the Ecumenical Temple
  2400 | Temple   | Became a worshipper of Makhleb the Destroyer
  2461 | D:4      | Gained mutation: You are partially covered in large bone
                  | plates. (SH +4) [demonic ancestry]
  2461 | D:4      | Reached XP level 5. HP: 29/38 MP: 5/5
  2979 | D:5      | Entered Level 5 of the Dungeon
  2991 | D:5      | Reached skill level 6 in Staves
  3010 | D:5      | Reached XP level 6. HP: 30/44 MP: 6/6
  3014 | D:5      | Slain by a gnoll sergeant

Illustrated notes

Levels and vault maps discovered:
D:1:      kilobyte_arrival_exit_the_forest, layout_rooms
D:2:      wander_river, layout_loops_ring, roderic_three_in_a_row,
          minmay_cut_off
D:3:      layout_rooms, nemelex_diamond_rough_becter, nicolae_ru_awakened_eye
D:4:      layout_cave_pools, minmay_temple_entry_tees
D:5:      layout_basic, mainiacjoe_overflow_small_starburst,
          chequers_serial_rivers_micro_d
Temple:   chequers_temple_sunken

Skill      XL: |  1  2  3  4  5 |
---------------+----------------+-----
Staves         | 3 4 5 6 |  6.1
Fighting       | |  2.0
Throwing       | |  1.7
Dodging        | |  2.6
Stealth        | |  0.4

Action                     |  1- 3 |  4- 6 || total
---------------------------+-------+-------++-------
  Melee: Quarterstaff      |    71 |    97 ||   168
         Dagger            |    62 |       ||    62
         Headbutt          |    12 |    16 ||    28
   Stab: Sleeping          |     1 |       ||     1
 Armour: Leather armour    |    48 |       ||    48
         Scale mail        |     9 |    60 ||    69
  Dodge: Dodged            |    78 |    40 ||   118
  Block: Other             |       |     7 ||     7

Table legend: (Time is in decaauts)
 A = Elapsed time spent in this place.
 B = Non-inter-level travel time spent in this place.
 C = Inter-level travel time spent in this place.
 D = Time resting spent in this place.
 E = Time spent auto-exploring this place.
 F = Levels seen in this place.
 G = Mean time per level.
                   A        B        C        D        E       F      G
               +--------+--------+--------+--------+--------+-----+--------+
         Total |   3043 |   2727 |    316 |      5 |   2112 |   6 |  507.2 |
       Dungeon |   2990 |   2724 |    266 |      5 |   2112 |   5 |  598.0 |
        Temple |     52 |      2 |     50 |      0 |      0 |   1 |   52.0 |
               +--------+--------+--------+--------+--------+-----+--------+

Top non-repeatable levels by time:
     D:2: 903 daAuts
     D:1: 847 daAuts
     D:4: 709 daAuts
     D:3: 494 daAuts
  Temple: 52 daAuts
     D:5: 34 daAuts
